 Dungeon Crawl Stone Soup version 0.30.0-10-gfe55d96785 (webtiles) character file.

Game seed: 2257104412732308084

714 qw the Chopper (level 7, -6/44 HPs)
             Began as a Gargoyle Cinder Acolyte on May 17, 2023.
             Was an Elder of Ignis.
             Mangled by an ogre
             ... wielding a +0 giant club
              (18 damage)
             ... on level 4 of the Dungeon.
             The game lasted 00:02:16 (3461 turns).

qw the Chopper (Gargoyle Cinder Acolyte)            Turns: 3461, Time: 00:02:17

Health: -6/44      AC: 23    Str: 26    XL:     7   Next: 69%
Magic:  0/8        EV:  7    Int: 14    God:    Ignis [****..]
Gold:   229        SH:  0    Dex:  5    Spells: 8/8 levels left

rFire   + . .        Y - +0 war axe
rCold   . . .        (no shield)
rNeg    + . .        g - +0 plate armour
rPois   inf          (no helmet)
rElec   +            (no cloak)
rCorr   .            (no gloves)
SInv    .            (no boots)
Will    .....        m - amulet of guardian spirit Stlth
                     n - +6 ring of strength
HPRegen 0.27/turn    (no ring)
MPRegen 0.11/turn

%: guardian spirit
@: fiery-armoured
A: sickness immunity, AC +4, negative energy resistance 1, electricity
resistance, torment resistance 1, petrification resistance
a: Renounce Religion, Fiery Armour, Foxfire Swarm, Rising Flame


You were on level 4 of the Dungeon.
You worshipped Ignis.
Ignis was greatly pleased with you.
You visited 1 branch of the dungeon, and saw 4 of its levels.

You collected 229 gold pieces.


Innate Abilities, Weirdness & Mutations

You are immune to sickness and miasma.
Your stone body is resilient. (AC +4)
You are immune to poison.
You resist negative energy. (rN+)
You are resistant to electric shocks. (rElec)
You are resistant to unholy torment.
You are immune to petrification.


   Skills:
 - Level 4.8 Fighting
 + Level 6.8 Axes
 - Level 3.2 Armour
 - Level 1.0 Spellcasting
 - Level 3.0 Fire Magic


You had 8 spell levels left.
You didn't know any spells.
Your spell library contained the following spells:

 Spells                   Type           Power      Damage    Failure   Level
 Scorch                   Fire           18%        2d5       86%         2

Inventory:

Hand Weapons
 b - a -1 hand axe of flaming
 Y - a +0 war axe (weapon)
Armour
 g - a +0 plate armour (worn)
Jewellery
 m - an amulet of guardian spirit (around neck)
 n - a +6 ring of strength (left hand)
Scrolls
 a - a scroll of identify
 l - 2 scrolls of teleportation
Potions
 d - a potion of heal wounds
 f - a potion of might
 i - a potion of curing
 k - a potion of degeneration
 p - a potion of berserk rage {unknown}

Dungeon Overview and Level Annotations

Branches:
Dungeon (4/15)
 Temple: D:4-7

Altars:
Dithmenos
Hepliaklqana

Shops:
D:2 (

Annotations:
D:4 1 runed translucent door, Crazy Yiuf


Message History

You start resting.
Magic restored.
You start resting.
HP restored.
Things that are here:
a +0 scythe; a +0 robe
There is a stone staircase leading down here.
Found a stone staircase leading down.
A hobgoblin comes into view.
The hobgoblin shouts!
You closely miss the hobgoblin.
The hobgoblin hits you but does no damage.
You hit the hobgoblin.
The hobgoblin is heavily wounded.
The hobgoblin barely misses you.
You hit the hobgoblin.
You kill the hobgoblin!
You see here a hobgoblin corpse.
There is an empty arch of ancient stone here.
Found a hazy altar of Hepliaklqana.
There is an empty arch of ancient stone here.
Found a leather armour.
An ogre comes into view. It is wielding a +0 giant club.
Found 15 gold pieces.
The ogre shouts!
You see here a +0 leather armour.
You barely miss the ogre. The ogre hits you with a +0 giant club!
You slash the ogre!
The ogre is moderately wounded.
You slash the ogre!
The ogre is almost dead.
The ogre closely misses you.
You hit the ogre but do no damage.
The ogre is almost dead.
The ogre hits you with a +0 giant club!!
3461 ||| INVOKING Fiery Armour.
A protective cloak of flame settles atop you.
The ogre hits you with a +0 giant club!!
You die...

####.#.#.#.#.######
.....#.#.#.#....#
.......#.#.####.#
.......# #.# #.#
......## #.# ......##
#.# .......# #.#
.......#.#.####.########
.......#........@......#
.......###.####O######.#
.........# $..#
....###..# #....
....###..# #####
#........# #######.##
###


You could see an ogre.

Vanquished Creatures
  Sigmund (D:4)
  Menkaure (D:4)
  A phantom (D:4)
  A jelly (D:4)
  2 orc priests
  Jessica (D:3)
  An iguana (D:4)
  Natasha (thrice) (D:3)
  3 gnolls (D:2)
  3 adders (D:4)
  2 worms
  2 dart slugs (D:3)
  8 orcs
  5 ball pythons
  6 bats
  4 endoplasms
  4 giant cockroaches
  5 hobgoblins
  3 jackals (D:1)
  7 kobolds
  3 quokkas
  2 frilled lizards (D:1)
  3 goblins
  A rat (D:3)
72 creatures vanquished.

Notes
Turn   | Place    | Note
-------+----------+-------------------------------------------
     0 | D:1      | qw the Gargoyle Cinder Acolyte began the quest for the Orb.
     0 | D:1      | Reached XP level 1. HP: 14/14 MP: 2/2
     0 | D:1      | 0 ||| qw: Version: 0.2-a-95-g4c1bab1
     0 | D:1      | 0 ||| qw: Game counter: 122
     0 | D:1      | 0 ||| qw: Always use a shield: true
     0 | D:1      | 0 ||| qw: God list: Okawaru
     0 | D:1      | 0 ||| qw: Allow faded altars: false
     0 | D:1      | 0 ||| qw: Do Orc after D:15 true
     0 | D:1      | 0 ||| qw: Do second Lair branch before Depths: true
     0 | D:1      | 0 ||| qw: Lair rune preference: random
     0 | D:1      | 0 ||| qw: Plans: Normal
     0 | D:1      | 0 ||| PLANNING D:1-11
    88 | D:1      | Reached skill level 3 in Axes
   151 | D:1      | Reached XP level 2. HP: 19/19 MP: 3/3
   185 | D:1      | 185 ||| INVOKING Fiery Armour.
   466 | D:1      | 466 ||| UPGRADING to +0 plate armour.
   476 | D:1      | 476 ||| DROPPING +0 robe.
   477 | D:1      | 477 ||| READING 2 scrolls labelled QUHANU ZOCO.
   478 | D:1      | 478 ||| READING scroll labelled DOLILE NEMI.
   479 | D:1      | 479 ||| READING scroll labelled IZOVUI ROOQEF.
   480 | D:1      | 480 ||| DRINKING 2 black potions.
   571 | D:2      | 571 ||| Stepping ~*~*~tactically~*~*~ (stealth).
   572 | D:2      | 572 ||| Stepping ~*~*~tactically~*~*~ (stealth).
   615 | D:2      | 615 ||| Stepping ~*~*~tactically~*~*~ (hiding).
   616 | D:2      | 616 ||| SWAPPING to +0 war axe.
   621 | D:2      | 621 ||| INVOKING Fiery Armour.
   623 | D:2      | Reached skill level 1 in Armour
   623 | D:2      | Reached XP level 3. HP: 7/23 MP: 4/4
   626 | D:2      | 626 ||| Stepping ~*~*~tactically~*~*~ (stealth).
   632 | D:2      | 632 ||| Stepping ~*~*~tactically~*~*~ (stealth).
   759 | D:2      | Found Wiotucin's Weapon Shop.
   816 | D:2      | 816 ||| Stepping ~*~*~tactically~*~*~ (stealth).
   824 | D:2      | Reached XP level 4. HP: 24/28 MP: 5/5
  1190 | D:2      | 1190 ||| UPGRADING to amulet of guardian spirit.
  1195 | D:2      | 1195 ||| READING scroll labelled VUYNUJ CACRE.
  1196 | D:2      | 1196 ||| READING scroll labelled WASAPS SEPRU.
  1197 | D:2      | 1197 ||| READING scroll labelled WESAESMUBBE.
  1200 | D:2      | 1200 ||| DRINKING 2 sapphire potions.
  1201 | D:2      | 1201 ||| DRINKING 2 fizzy black potions.
  1202 | D:2      | 1202 ||| DROPPING potion of magic.
  1271 | D:3      | Found a shadowy altar of Dithmenos.
  1326 | D:3      | 1326 ||| Stepping ~*~*~tactically~*~*~ (stealth).
  1340 | D:3      | 1340 ||| Stepping ~*~*~tactically~*~*~ (stealth).
  1359 | D:3      | Reached skill level 4 in Axes
  1381 | D:3      | 1381 ||| Stepping ~*~*~tactically~*~*~ (stealth).
  1386 | D:3      | 1386 ||| Stepping ~*~*~tactically~*~*~ (hiding).
  1387 | D:3      | 1387 ||| Stepping ~*~*~tactically~*~*~ (hiding).
  1389 | D:3      | 1389 ||| Stepping ~*~*~tactically~*~*~ (hiding).
  1390 | D:3      | 1390 ||| Stepping ~*~*~tactically~*~*~ (hiding).
  1391 | D:3      | 1391 ||| Stepping ~*~*~tactically~*~*~ (hiding).
  1392 | D:3      | 1392 ||| Stepping ~*~*~tactically~*~*~ (hiding).
  1393 | D:3      | 1393 ||| Stepping ~*~*~tactically~*~*~ (hiding).
  1402 | D:3      | 1402 ||| Stepping ~*~*~tactically~*~*~ (stealth).
  1403 | D:3      | 1403 ||| Stepping ~*~*~tactically~*~*~ (stealth).
  1404 | D:3      | 1404 ||| Stepping ~*~*~tactically~*~*~ (stealth).
  1405 | D:3      | 1405 ||| Stepping ~*~*~tactically~*~*~ (stealth).
  1406 | D:3      | 1406 ||| Stepping ~*~*~tactically~*~*~ (stealth).
  1482 | D:3      | Noticed Jessica
  1489 | D:3      | Killed Jessica
  1499 | D:3      | 1499 ||| Stepping ~*~*~tactically~*~*~ (hiding).
  1500 | D:3      | 1500 ||| Stepping ~*~*~tactically~*~*~ (hiding).
  1689 | D:3      | 1689 ||| Stepping ~*~*~tactically~*~*~ (hiding).
  1782 | D:3      | Noticed Natasha
  1796 | D:3      | 1796 ||| INVOKING Fiery Armour.
  1797 | D:3      | Killed Natasha
  1798 | D:3      | Reached XP level 5. HP: 11/32 MP: 3/6
  1974 | D:3      | 1974 ||| Stepping ~*~*~tactically~*~*~ (stealth).
  1976 | D:3      | 1976 ||| Stepping ~*~*~tactically~*~*~ (hiding).
  1987 | D:3      | Reached skill level 5 in Axes
  2006 | D:3      | Noticed Natasha
  2007 | D:3      | 2007 ||| Stepping ~*~*~tactically~*~*~ (stealth).
  2024 | D:3      | 2024 ||| Stepping ~*~*~tactically~*~*~ (hiding).
  2032 | D:3      | Killed Natasha
  2206 | D:3      | Noticed Natasha
  2215 | D:3      | Killed Natasha
  2216 | D:3      | Reached skill level 3 in Armour
  2283 | D:3      | 2283 ||| UPGRADING to +6 ring of strength.
  2284 | D:3      | 2284 ||| READING scroll labelled NOWKOJ JOSIUMO.
  2285 | D:3      | 2285 ||| READING scroll labelled IXIMOLUETO.
  2286 | D:3      | 2286 ||| DRINKING 2 ruby potions.
  2287 | D:3      | 2287 ||| DRINKING 2 red potions.
  2288 | D:3      | 2288 ||| READING 2 scrolls of identify.
  2288 | D:3      | 2288 ||| IDENTIFYING purple potion
  2289 | D:3      | 2289 ||| DROPPING potion of flight.
  2290 | D:3      | 2290 ||| DROPPING potion of ambrosia.
  2326 | D:4      | Reached XP level 6. HP: 37/37 MP: 7/7
  2328 | D:4      | 2328 ||| Stepping ~*~*~tactically~*~*~ (stealth).
  2329 | D:4      | 2329 ||| Stepping ~*~*~tactically~*~*~ (stealth).
  2375 | D:4      | 2375 ||| Stepping ~*~*~tactically~*~*~ (stealth).
  2376 | D:4      | 2376 ||| Stepping ~*~*~tactically~*~*~ (stealth).
  2377 | D:4      | 2377 ||| Stepping ~*~*~tactically~*~*~ (stealth).
  2377 | D:4      | Noticed Menkaure
  2378 | D:4      | 2378 ||| Stepping ~*~*~tactically~*~*~ (hiding).
  2390 | D:4      | 2390 ||| INVOKING Fiery Armour.
  2391 | D:4      | Killed Menkaure
  2619 | D:4      | 2619 ||| Stepping ~*~*~tactically~*~*~ (stealth).
  2620 | D:4      | 2620 ||| Stepping ~*~*~tactically~*~*~ (stealth).
  2653 | D:4      | Reached XP level 7. HP: 40/44 MP: 6/8
  2949 | D:4      | Reached skill level 6 in Axes
  2971 | D:4      | 2971 ||| Stepping ~*~*~tactically~*~*~ (stealth).
  2998 | D:4      | 2998 ||| Stepping ~*~*~tactically~*~*~ (stealth).
  3068 | D:4      | Found a runed translucent door.
  3069 | D:4      | Noticed Crazy Yiuf
  3222 | D:4      | Noticed Sigmund
  3223 | D:4      | 3223 ||| PLANNING D:1-11
  3223 | D:4      | 3223 ||| READING 2 scrolls of identify.
  3223 | D:4      | 3223 ||| IDENTIFYING amethyst potion
  3224 | D:4      | 3224 ||| Stepping randomly (disturbance).
  3225 | D:4      | 3225 ||| Stepping randomly (disturbance).
  3243 | D:4      | Killed Sigmund
  3431 | D:4      | Found a hazy altar of Hepliaklqana.
  3461 | D:4      | 3461 ||| INVOKING Fiery Armour.
  3461 | D:4      | Mangled by an ogre

Levels and vault maps discovered:
D:1:      lemuel_arrival_funnel, layout_rooms
D:2:      layout_basic, serial_shops, nicolae_lakefront_shop
D:3:      layout_basic, mainiacjoe_overflow_small_starburst, minmay_liquid_box,
          uniq_jessica, uniq_natasha
D:4:      layout_basic, nzn_hepliaklqana_mist_gate, uniq_sigmund, uniq_menkaure,
          uniq_crazy_yiuf_cottage

Skill      XL: |  1  2  3  4  5  6  7 |
---------------+----------------------+-----
Axes           | 3 4 5 6 |  6.8
Armour         | 1 2 3 |  3.2
Fighting       | 4 |  4.8
Spellcasting   | |  1.0
Fire Magic     | |  3.0

Action                     |  1- 3 |  4- 6 |  7- 9 || total
---------------------------+-------+-------+-------++-------
  Melee: Hand axe          |    49 |       |       ||    49
         War axe           |    10 |   135 |    53 ||   198
         Punch             |       |     3 |       ||     3
  Throw: Boomerang         |       |    19 |     2 ||    21
 Invoke: Fiery Armour      |     2 |     2 |     1 ||     5
    Use: Scroll            |     3 |     6 |     1 ||    10
         Potion            |     1 |     4 |       ||     5
 Armour: Robe              |     9 |       |       ||     9
         Plate armour      |    26 |   104 |    34 ||   164
  Dodge: Dodged            |    23 |    38 |     8 ||    69

Table legend:
 A = Non-vault XP
 B = Vault XP
 C = Vault XP percentage of total XP
 D = Non-vault monster count
 E = Vault monster count
 F = Vault count percentage of total count
                 A         B        C        D         E       F
            +---------+---------+-------+---------+---------+-------
      Total |     540 |     481 |  47.1 |      68 |       4 |   5.6
            +---------+---------+-------+---------+---------+-------
        D:1 |      21 |       0 |   0.0 |      12 |       0 |   0.0
        D:2 |      66 |       0 |   0.0 |      13 |       0 |   0.0
        D:3 |     156 |      72 |  31.6 |      23 |       2 |   8.0
        D:4 |     297 |     409 |  57.9 |      20 |       2 |   9.1
            +---------+---------+-------+---------+---------+-------
